 Dungeon Crawl Stone Soup version 0.29.1-15-g9cfb28693d (webtiles) character file.

Game seed: 15467669016003741558

7 Heoruswealwe the Digger (level 1, 0/10 HPs)
             Began as a Deep Elf Earth Elementalist on Apr 3, 2023.
             Slain by a jackal (1 damage)
             ... on level 1 of the Dungeon.
             The game lasted 00:01:08 (63 turns).

Heoruswealwe the Digger (Deep Elf Earth Elementalist) Turns: 63, Time: 00:01:08

Health: 0/10       AC:  2    Str:  5    XL:     1   Next: 83%
Magic:  0/6        EV: 12    Int: 19    God:
Gold:   23         SH:  0    Dex: 15    Spells: 5/6 levels left

rFire   . . .      SeeInvis .   (no weapon)
rCold   . . .      Faith    .   (no shield)
rNeg    . . .      Spirit   .   a - +0 robe
rPois   .          Reflect  .   (no helmet)
rElec   .          Harm     .   (no cloak)
rCorr   .          Rampage  .   (no gloves)
Will    .....                   (no boots)
Stlth   ++........              (no amulet)
HPRegen 0.03/turn               (no ring)
MPRegen 0.10/turn               (no ring)

@: no status effects
A: no striking features
a: no special abilities


You were on level 1 of the Dungeon.
You visited 1 branch of the dungeon, and saw 1 of its levels.

You collected 23 gold pieces.

Inventory:

Armour
 a - a +0 robe (worn)
Potions
 b - a potion of magic
 c - a potion of lignification {unknown}
 d - a potion of attraction {unknown}


   Skills:
 - Level 2.4 Dodging
 - Level 2.4 Stealth
 + Level 3.4 Spellcasting
 - Level 1.1 Transmutations
 + Level 3.5 Earth Magic


You had 5 spell levels left.
You knew the following spells:

 Your Spells              Type           Power      Damage    Failure   Level
a - Sandblast             Erth           32%        2d9       3%          1

Your spell library contained the following spells:

 Spells                   Type           Power      Damage    Failure   Level
 Passwall                 Tmut/Erth      10%        N/A       9%          2
 Stone Arrow              Conj/Erth      20%        3d8       22%         3
 Petrify                  Tmut/Erth      12%        N/A       50%         4


Dungeon Overview and Level Annotations

Branches:
Dungeon (1/15)

Altars:


Message History

The jackal barks!
Found an escape hatch in the floor.
A jackal comes into view.
The blast of sand hits the jackal but does no damage.
The jackal barks!
You hear a bark! x2
A giant cockroach comes into view.
A quokka comes into view.
The blast of sand hits the jackal!
You kill the jackal!
The blast of sand hits the giant cockroach but does no damage.
A jackal comes into view.
The blast of sand hits the giant cockroach!
You kill the giant cockroach!
The jackal barks!
You hear a bark!
A jackal comes into view.
The jackal closely misses you.
The blast of sand hits the jackal!
You kill the jackal!
The quokka bites you but does no damage.
The blast of sand hits the quokka.
The quokka is heavily wounded.
The quokka closely misses you.
The jackal bites you but does no damage.
The quokka bites you.
You are out of magic!
The quokka attacks as you move away! The quokka bites you.
The quokka misses you.
You are too injured to fight recklessly!
Casting: Sandblast (safe; 3% risk of failure)
Confirm with . or Enter, or press ? or * to list all spells.
Aiming: Sandblast (safe; 3% risk of failure)
Press: ? - help, Shift-Dir - straight line, f/p - quokka
Aim: a quokka (75% to hit)
The blast of sand misses the quokka.
The blast of sand hits the jackal!
You kill the jackal!
The jackal barely misses you. The quokka bites you.
Ouch! That really hurt!
* * * LOW HITPOINT WARNING * * *
The jackal barely misses you. The jackal bites you.
You die...

.#.#...†...#
#...#.....##
.........#
.####..#..#
.........##
#.####..####
#..# .. #..# >#
#.@# .# #hr# .#
# #..##.#.####
####.†...†.....
................
#####.###.#..##.
... ..#.... ####
+... #. $###


You could see a quokka and a jackal.

Vanquished Creatures
  A giant cockroach (D:1)
  3 jackals (D:1)
  2 bats (D:1)
6 creatures vanquished.

Notes
Turn   | Place    | Note
-------+----------+-------------------------------------------
     0 | D:1      | Heoruswealwe the Deep Elf Earth Elementalist began the
                  | quest for the Orb.
     0 | D:1      | Reached XP level 1. HP: 10/10 MP: 6/6
    63 | D:1      | Slain by a jackal

Illustrated notes

Levels and vault maps discovered:
D:1:      amcnicky_arrival_wind_blow, layout_loops_ring, serial_forest,
          infiniplex_forest_side_room, infiniplex_forest_lined_room_3,
          infiniplex_forest_end_1, infiniplex_forest_clump_small,
          shapermc_ecumenical_altar_mp_urbaneastern, minmay_splitting_lines,
          minivault_11

Action                   || total
-------------------------++-------
 Cast: Sandblast         ||     9
Armor: Robe              ||     2
Dodge: Dodged            ||     7
